Map: Romanticide LE

Players

AGOElazer (Elazer) - Winner!

  • Race: Zerg Zerg
  • League: Master
  • Spawn Location: 11:00

Reynor

  • Race: Zerg Zerg
  • League: Master
  • Spawn Location: 5:00

Event: TSL 6

VOD

Have the link to the VOD?

Description

Time

  • Played on: Dec. 13, 2020, 5:41 p.m.
  • Length: 7:39

All games in this series

Show
View Real Time Build Order
Export as new Build Order

AGOElazer Zerg - Winner!

Build Orders: Hatch First 

Get SALT Encoding   

  12  0:00  Drone  
  13  0:12  Overlord  
  13  0:16  Drone  
  14  0:30  Drone x2  
  16  0:48  Hatchery  
  15  0:51  Drone  
  15  0:54  Drone  
  17  0:58  Drone  
  18  1:08  Extractor  
  17  1:13  Spawning Pool  
  17  1:16  Drone  
  17  1:19  Drone  
  18  1:28  Drone  
  19  1:39  Drone  
  20  1:50  Drone  
  21  1:59  Queen x2  
  21  2:00  Overlord, Drone  
  26  2:08  Metabolic Boost  
  26  2:10  Drone x2  
  28  2:22  Drone x2  
  30  2:32  Hatchery  
  30  2:34  Zergling x2  
  30  2:37  Zergling x2  
  30  2:43  Drone x2  
  33  2:48  Baneling Nest  
  32  2:53  Overlord  
  32  2:55  Drone  
  33  3:04  Drone x2  
  35  3:07  Overlord  
  35  3:08  Drone  
  35  3:11  Queen  
  35  3:12  Drone  
  39  3:15  Drone  
  39  3:17  Zergling x2  
  41  3:23  Zergling x2  
  41  3:24  Drone x2  
  44  3:29  Drone x2  
  46  3:36  Baneling x2  
  46  3:41  Zergling x8, Queen  
  48  3:43  Baneling  
  48  3:45  Baneling  
  48  3:47  Zergling x4  
  53  3:52  Queen  
  55  3:55  Drone x2  
  55  3:58  Overlord  
  56  4:08  Baneling x2  
  56  4:09  Drone x2  
  58  4:15  Extractor  
  58  4:16  Extractor  
  56  4:18  Lair  
  56  4:20  Drone x5, Evolution Chamber  
  56  4:24  Overlord  
  60  4:26  Drone x2  
  60  4:28  Drone  
  60  4:30  Drone  
  64  4:31  Drone  
  64  4:33  Drone  
  66  4:41  Roach Warren, Drone  
  66  4:43  Drone  
  66  4:44  Drone x2  
  69  4:48  Zerg Missile Weapons Level 1  
  69  4:52  Drone x3  
  72  4:55  Drone x2  
  73  5:00  Overlord, Extractor  
  73  5:01  Extractor, Drone  
  73  5:06  Overlord  
  72  5:15  Overlord  
  72  5:17  Overlord  
  72  5:19  Overlord x2  
  72  5:21  Glial Reconstitution  
  72  5:22  Roach x3  
  72  5:27  Roach x3  
  84  5:36  Roach x4  
  84  5:41  Roach x3  
  96  5:48  Nydus Network, Roach  
  97  5:50  Roach x2  
  101  5:57  Roach  
  101  5:58  Roach x2  
  101  6:02  Roach x3  
  113  6:05  Overlord  
  113  6:07  Roach  
  115  6:13  Roach x3  
  118  6:26  Roach, Nydus Canal  
  118  6:27  Roach x5  
  118  6:31  Overlord, Roach  
  130  6:50  Roach x6  
  138  6:55  Nydus Canal  
  136  7:02  Roach  
  136  7:03  Overlord x2  
  138  7:15  Roach x2  
  138  7:16  Overlord  
Show
View Real Time Build Order
Export as new Build Order

Reynor Zerg 

Build Orders: Hatch First 

Get SALT Encoding   

  12  0:00  Drone  
  13  0:12  Overlord  
  13  0:16  Drone  
  14  0:30  Drone x2  
  16  0:48  Hatchery  
  15  0:50  Drone  
  15  0:53  Drone  
  17  0:57  Drone  
  18  1:07  Extractor  
  17  1:12  Spawning Pool  
  17  1:15  Drone  
  17  1:19  Drone  
  18  1:27  Drone  
  19  1:38  Drone  
  20  1:49  Drone  
  21  1:59  Overlord  
  21  2:00  Queen x2  
  21  2:01  Zergling x2  
  26  2:08  Metabolic Boost  
  26  2:10  Drone  
  26  2:11  Drone  
  28  2:21  Drone x2  
  30  2:34  Hatchery  
  30  2:36  Drone  
  30  2:39  Drone  
  30  2:43  Drone  
  32  2:49  Baneling Nest  
  31  2:53  Drone x2  
  31  2:56  Overlord  
  33  3:04  Zergling x4  
  35  3:08  Zergling x2  
  36  3:15  Zergling x10  
  36  3:17  Overlord  
  41  3:24  Zergling x2  
  41  3:26  Evolution Chamber  
  41  3:28  Zergling x2  
  41  3:32  Baneling x2  
  42  3:34  Drone  
  42  3:39  Drone x2  
  42  3:40  Drone x3  
  42  3:41  Drone  
  49  3:45  Drone  
  49  3:47  Overlord  
  50  3:49  Drone  
  50  3:51  Drone  
  52  3:58  Drone x2  
  52  4:03  Drone  
  52  4:06  Zerg Missile Weapons Level 1, Queen  
  52  4:08  Drone  
  53  4:14  Overlord  
  53  4:17  Drone x3  
  56  4:19  Zergling x2  
  56  4:23  Overlord  
  57  4:29  Baneling  
  57  4:31  Roach Warren  
  57  4:32  Drone x3  
  57  4:35  Extractor  
  57  4:36  Extractor  
  57  4:38  Drone x2  
  59  4:39  Drone  
  59  4:44  Drone x5  
  65  4:46  Drone  
  65  4:47  Drone  
  67  4:53  Overlord  
  67  4:55  Drone  
  67  5:00  Lair  
  67  5:06  Overlord  
  67  5:13  Baneling x2  
  66  5:15  Roach x4  
  66  5:17  Drone x5  
  66  5:19  Extractor  
  66  5:20  Extractor  
  77  5:21  Roach x2  
  77  5:23  Overlord  
  77  5:24  Drone  
  77  5:26  Roach  
  84  5:40  Roach x2  
  84  5:41  Roach  
  84  5:42  Drone  
  87  5:43  Drone  
  87  5:46  Queen  
  87  5:47  Drone x2  
  87  5:48  Drone x5  
  97  5:51  Extractor, Drone, Baneling x2  
  97  5:56  Overlord  
  97  5:58  Drone  
  97  5:59  Glial Reconstitution  
  97  6:02  Overlord  
  98  6:09  Spine Crawler  
  98  6:10  Overlord  
  98  6:11  Roach  
  98  6:13  Roach  
  98  6:14  Queen  
  98  6:15  Roach x3  
  98  6:18  Roach  
  106  6:24  Spine Crawler, Roach x3  
  112  6:30  Spine Crawler, Roach x2  
  112  6:31  Overlord  
  114  6:37  Overlord  
  114  6:46  Overlord  
  113  6:48  Roach x2  
  113  6:52  Roach x5  
  121  6:56  Roach  
  121  6:58  Roach  
  124  7:04  Roach x6  
  124  7:08  Roach x2  
  134  7:12  Roach  
  124  7:16  Roach  
Tags
 
Add a new tag
Caveats
  • Supply blocks, unpowered buildings, or Contaminate may cause inaccurate times.
  • Supply counts are checked every 10 seconds.